 Dungeon Crawl Stone Soup version 0.27-a0-972-gd1521fd518 (webtiles) character file.

Game seed: 4019702961051777087

179836 Morbidden the Grappler (level 17, -1/274 HPs)
             Began as a Troll Transmuter on Apr 14, 2021.
             Was the Champion of Cheibriados.
             Slain by a swamp dragon (7 damage)
             ... on level 4 of the Swamp.
             The game lasted 01:03:25 (27816 turns).

Morbidden the Grappler (Troll Transmuter)          Turns: 27816, Time: 01:03:26

Health: -1/274     AC: 11    Str: 39    XL:     17   Next: 62%
Magic:  27/27      EV: 22    Int: 29    God:    Cheibriados [******]
Gold:   773        SH:  0    Dex: 25    Spells: 14/31 levels left

rFire    + . .     SeeInvis +   b - +9 triple crossbow of the Coward {elec, rCorr}
rCold    . . .     Faith    .   (shield currently unavailable)
rNeg     . . .     Spirit   .   E - +0 steam dragon scales
rPois    .         Reflect  .   Q - +1 hat of Kopaqeoko {rF+}
rElec    .         Harm     .   s - +2 cloak {rCorr}
rCorr    +         Rampage  .   (gloves unavailable)
Will     +++++     Rnd*Rage +   (boots unavailable)
Stlth    ..........             V - necklace of Bloodlust {*Rage +Rage Will++ Int-3 Slay+6}
HPRegen  1.55/turn              K - ring "Woevus" {EV+4 SInv}
MPRegen  0.20/turn              C - ring of the Mage {Wiz Will++ Int+3}

@: berserking, lethally poisoned (-1 -> -18), very slow
A: large, unfitting armour, claws 3, regeneration 1, shaggy fur 1, tough skin 1,
clever 1, robust 1
a: Renounce Religion, Evoke Berserk Rage, Bend Time, Temporal Distortion,
Slouch, Step From Time


You were on level 4 of the Swamp.
You worshipped Cheibriados.
Cheibriados was exalted by your worship.
You visited 5 branches of the dungeon, and saw 28 of its levels.
You visited 1 bazaar.
You also visited: Ossuary, Bailey and Gauntlet.

You collected 5353 gold pieces.
You spent 4580 gold pieces at shops.

Inventory:

Hand Weapons
 a - the +6 arbalest "Damnation" {damnation}
   (You acquired it on level 2 of the Orcish Mines)
 b - the +9 triple crossbow of the Coward (weapon) {elec, rCorr}
   (You acquired it on level 10 of the Dungeon)

   It charges the ammunition it shoots with electricity; occasionally upon a
   hit, such missiles may discharge and cause terrible harm.
   It protects you from acid and corrosion.
Missiles
 l - 8 boomerangs of dispersal
 m - 60 boomerangs
 w - 4 throwing nets
 J - 86 bolts (quivered ammo)
 M - 8 curare-tipped darts
 S - 20 javelins
 U - 5 atropa-tipped darts
 X - 6 large rocks
Armour
 s - a +2 cloak of preservation (worn)
 E - +0 steam dragon scales (worn)
 Q - the +1 hat of Kopaqeoko (worn) {rF+}
   (You found it in a Gauntlet)

   It protects you from fire.
Jewellery
 f - a ring of protection from cold
 i - an amulet of guardian spirit
 C - the ring of the Mage (right claw) {Wiz Will++ Int+3}
   (You acquired it on level 8 of the Dungeon)

   [ring of wizardry]

   It improves your spell success rate.
   It affects your intelligence (+3).
   It greatly increases your willpower.
 K - the ring "Woevus" (left claw) {EV+4 SInv}
   (You bought it in a shop on level 2 of the Orcish Mines)

   [ring of evasion]

   It affects your evasion (+4).
   It lets you see invisible.
 R - the ring of Meosheim {Fly rElec Str+2}
   (You took it off a minotaur in a Gauntlet)

   [ring of flight]

   It affects your strength (+2).
   It insulates you from electricity.
   It grants you flight.
 T - an amulet of regeneration
 V - the necklace of Bloodlust (around neck) {*Rage +Rage Will++ Int-3 Slay+6}
   (You found it in a Gauntlet)

   [amulet of nothing]

   It affects your intelligence (-3).
   It affects your accuracy and damage with ranged weapons and melee attacks
   (+6).
   It lets you go berserk.
   It may make you go berserk in combat.
   It greatly increases your willpower.
Wands
 n - a wand of iceblast (9)
 p - a wand of paralysis (7)
 t - a wand of acid (26)
 F - a wand of digging (10)
 N - a wand of flame (19)
 Y - a wand of mindburst (30)
Scrolls
 c - 18 scrolls of identify
 d - 2 scrolls of silence
 e - a scroll of magic mapping
 o - 9 scrolls of teleportation
 y - 13 scrolls of enchant weapon
 z - 3 scrolls of amnesia
 G - 2 scrolls of enchant armour
 H - a scroll of brand weapon
 P - 4 scrolls of fog
 W - 2 scrolls of fear
 Z - a scroll of summoning
Potions
 g - 2 potions of brilliance
 h - 3 potions of flight
 j - 3 potions of ambrosia
 k - 6 potions of degeneration
 q - 8 potions of heal wounds
 r - 2 potions of invisibility
 u - a potion of might
 v - 8 potions of mutation
 x - 9 potions of magic
 A - 13 potions of curing
 B - 2 potions of berserk rage
 D - 3 potions of lignification
 I - 4 potions of attraction
 L - a potion of resistance
Miscellaneous
 O - a box of beasts


   Skills:
 * Level 10.6 Fighting
 * Level 7.7 Crossbows
 + Level 2.2 Throwing
 * Level 9.6 Dodging
 + Level 2.7 Stealth
 + Level 14.0 Unarmed Combat
 + Level 7.5 Spellcasting
 * Level 9.2 Transmutations
 + Level 1.0 Ice Magic
 * Level 0.8 Air Magic
 + Level 1.7 Poison Magic
 * Level 9.6 Invocations
 + Level 0.2 Evocations


You had 14 spell levels left.
You knew the following spells:

 Your Spells              Type           Power      Damage    Failure   Level
a - Hydra Form            Tmut           29%        N/A       1%          5
b - Spider Form           Tmut/Pois      21%        N/A       1%          3
c - Ice Form              Ice/Tmut       40%        N/A       2%          4
d - Beastly Appendage     Tmut           100%       N/A       1%          1
e - Airstrike             Air            7%         N/A       14%         4

Your spell library contained the following spells:

 Spells                   Type           Power      Damage    Failure   Level
 Corona                   Hex            11%        N/A       1%          1
 Freeze                   Ice            68%        1d8       1%          1
 Shock                    Conj/Air       52%        1d6       1%          1
 Wereblood                Tmut           59%        N/A       1%          2
 Ensorcelled Hibernation  Hex/Ice        28%        N/A       2%          2
 Swiftness                Air            15%        N/A       2%          2
 Slow                     Hex            10%        N/A       3%          2
 Petrify                  Tmut/Erth      37%        N/A       3%          4
 Frozen Ramparts          Ice            34%        1d5       4%          3
 Ozocubu's Armour         Ice            17%        N/A       4%          3
 Static Discharge         Conj/Air       13%        N/A       4%          3
 Confusing Touch          Hex            10%        N/A       6%          3
 Dazzling Flash           Conj/Hex       20%        N/A       6%          3
 Gell's Gravitas          Tloc           5%         N/A       6%          3
 Inner Flame              Hex/Fire       10%        N/A       6%          3
 Portal Projectile        Hex/Tloc       20%        N/A       6%          3
 Tukima's Dance           Hex            10%        N/A       6%          3
 Yara's Violent Unravell  Hex/Tmut       18%        3d9       9%          5
 Hailstorm                Conj/Ice       14%        3d5       16%         4
 Summon Lightning Spire   Summ/Air       13%        N/A       16%         4
 Animate Dead             Necr           5%         N/A       19%         4
 Cause Fear               Hex            5%         N/A       19%         4
 Leda's Liquefaction      Hex/Erth       5%         N/A       19%         4
 Metabolic Englaciation   Hex/Ice        7%         N/A       38%         5
 Lightning Bolt           Conj/Air       6%         1d18      41%         5
 Silence                  Hex/Air        6%         N/A       41%         5
 Bolt of Magma            Conj/Fire/Erth 5%         4d5       45%         5
 Borgnjor's Vile Clutch   Necr/Erth      5%         N/A       45%         5
 Iskenderun's Battlesphe  Conj           10%        2d6       45%         5
 Conjure Ball Lightning   Conj/Air       6%         3x3d6     91%         6
 Simulacrum               Ice/Necr       7%         N/A       91%         6
 Death Channel            Necr           5%         N/A       95%         6
 Iron Shot                Conj/Erth      5%         9d2       95%         6
 Orb of Destruction       Conj           5%         9d2       100%        7
 Spellforged Servitor     Conj/Summ      5%         N/A       100%        7
 Discord                  Hex            5%         N/A       100%        8
 Tornado                  Air            7%         N/A       100%        9


Dungeon Overview and Level Annotations

Branches:
Dungeon (15/15)            Temple (1/1) D:7            Lair (6/6) D:10
  Swamp (4/4) Lair:2       Spider (0/4) Lair:2        Slime (0/5) Lair:6
    Orc (2/2) D:9             Elf (0/3) Orc:2        Vaults (0/5) D:14
 Depths (0/5) D:15        Ossuary (visited)          Bailey (visited)
Gauntlet (visited)

Altars:
Ashenzari
Cheibriados
Dithmenos
Elyvilon
Fedhas
Gozag
Hepliaklqana
Kikubaaqudgha
Makhleb
Nemelex Xobeh
Okawaru
Qazlal
Ru
Sif Muna
Trog
Uskayaw
Vehumet
Wu Jian
Xom
Yredelemnul
Zin
The Shining One
Beogh

Shops:
D:2 *   D:5 [   D:14 ==!?   Orc:2 =*!==[?[

Annotations:
Orc:1 1 runed translucent door, Grimdewalt's ghost, journeyman DjEE


Innate Abilities, Weirdness & Mutations

You are too large for most types of armour.
You have claws for hands.
Your natural rate of healing is unusually fast.
You are covered in fur. (AC +1)
You have tough skin. (AC +1)
Your mind is acute. (Int +2)
You are robust. (+10% HP)


Message History

Unknown command.
Unknown command.
You are too berserk!
Unknown command.
Unknown command.
You clumsily bash the five-headed hydra.
The five-headed hydra is moderately wounded.
You are engulfed in poison gas.
You are more poisoned.
* * * LOW HITPOINT WARNING * * *
You feel extremely sick. The swamp dragon misses you.
The swamp dragon claws you!
* * * LOW HITPOINT WARNING * * *
The swamp dragon closely misses you. The five-headed hydra bites you.
* * * LOW HITPOINT WARNING * * *
The five-headed hydra completely misses you. x2
The five-headed hydra misses you.
The five-headed hydra closely misses you.
A four-headed hydra comes into view.
Unknown command.
Unknown command.
Unknown command.
You hit the five-headed hydra!
The five-headed hydra is moderately wounded.
You are engulfed in poison gas.
You are more poisoned.
* * * LOW HITPOINT WARNING * * *
You feel extremely sick. The swamp dragon closely misses you.
The swamp dragon completely misses you. The swamp dragon closely misses you.
The five-headed hydra bites you but does no damage. x2
The five-headed hydra completely misses you.
The five-headed hydra bites you!
* * * LOW HITPOINT WARNING * * *
The five-headed hydra bites you.
* * * LOW HITPOINT WARNING * * *
The swamp dragon bites you.
* * * LOW HITPOINT WARNING * * *
The swamp dragon claws you!
You die...

≈≈≈≈≈≈≈§♣#
≈≈≈≈≈≈≈≈.≈♣#
≈≈§≈≈≈≈≈≈.≈#
≈§.........♣## .
≈≈♣...≈♣≈.≈.§##.# ♣
..≈≈≈°○°°○...D≈. ♣♣♣.
♣.≈≈≈°°°○≈≈≈♣≈♣ ♣.≈≈.
♣♣°°@D°≈≈!..♣ ≈.≈≈≈♣
♣[§≈D)≈.§...♣
≈.≈≈≈.♣♣♣.≈○≈°≈≈≈..≈♣
♣.≈≈≈.≈≈..≈≈≈≈≈≈≈≈≈≈♣
....≈♣≈♣.≈)§≈.≈≈...♣
..≈≈≈..♣.§≈≈≈≈.≈≈≈≈.≈
§≈.≈≈≈..≈≈≈≈≈≈♣.≈≈≈≈♣
≈≈....≈≈≈≈≈§≈♣≈..≈≈♣♣
≈.♣♣♣.≈≈≈≈≈.≈..♣♣♣≈♣


You could see a five-headed hydra (strong), a four-headed hydra and a swamp
dragon (strong, catching breath).

Vanquished Creatures
  Nikola (Swamp:1)
  Rupert (D:13)
  Frances (Swamp:1)
  Kirke (D:15)
  A fenstrider witch (Swamp:3)
  2 orc warlords (Orc:2)
  A minotaur (Gauntlet)
  An eleionoma (Swamp:2)
  A rakshasa (D:15)
  11 hydras
  4 vault guards (D:14)
  2 catoblepae
  A spriggan air mage (Swamp:3)
  A boulder beetle (Lair:6)
  A ghost crab (Swamp:2)
  6 centaur warriors
  4 two-headed ogres
  14 death yaks
  6 alligators
  A tengu warrior (D:15)
  3 orc high priests (Orc:2)
  Urug (Lair:3)
  A wretched star (Gauntlet)
  3 skeletal warriors (D:12)
  A death drake (Swamp:1)
  4 spriggan druids
  6 goliath frogs
  4 lindwurms (D:14)
  2 bog bodies
  Pikel (D:4)
  4 swamp dragons
  8 orc sorcerers
  6 ugly things
  A necromancer (D:15)
  5 orc knights
  2 wizards (D:15)
  A harpy (shapeshifter) (D:15)
  3 cyclopes
  3 deep elf pyromancers
  An oklob plant (Lair:2)
  A manticore (D:14)
  A salamander (shapeshifter) (D:14)
  5 will-o-the-wisps
  7 elephants
  A naga mage (D:15)
  4 black mambas
  2 torpor snails
  A smoke demon (Gauntlet)
  9 cane toads
  A gargoyle (D:11)
  A kobold demonologist (D:9)
  3 rime drakes
  A komodo dragon (shapeshifter) (D:14)
  An efreet (D:15)
  A tengu conjurer (D:14)
  A rime drake (shapeshifter) (D:14)
  A freezing wraith (D:14)
  9 komodo dragons
  A red devil (Gauntlet)
  4 trolls
  11 polar bears
  A bloated husk (Swamp:1)
  13 slime creatures
  3 tyrant leeches
  14 hornets
  Grinder (D:5)
  A meliai zombie (D:15)
  15 blink frogs
  Sigmund (D:5)
  2 shadows (D:12)
  27 spriggans
  A water elemental (D:15)
  3 wraiths
  3 vampires
  A ynoxinul (Gauntlet)
  Eustachio (D:5)
  6 wyverns
  5 hogs (D:15)
  51 yaks
  2 basilisks
  A neqoxec (Gauntlet)
  3 steam dragons
  16 vampire mosquitoes
  13 swamp worms
  3 wargs
  Edmund (D:4)
  An acid dragon (D:10)
  19 water moccasins
  Duvessa (D:5)
  6 swamp drakes
  29 orc warriors
  3 ice beasts
  3 sky beasts
  2 black bears
  5 boggarts (Lair:6)
  11 ogres
  37 wolves
  15 centaurs
  4 kobold brigands
  Blork the orc (D:5)
  15 bullfrogs
  A gnoll sergeant (D:11)
  A water moccasin zombie (D:6)
  2 scorpions
  Dowan (D:5)
  4 killer bees (D:7)
  7 wights
  A howler monkey (D:9)
  7 electric eels
  3 crimson imps (Gauntlet)
  A bullfrog zombie (D:4)
  7 jellies
  3 centaur skeletons
  5 centaur zombies
  A human zombie (Ossuary)
  3 hounds
  Crazy Yiuf (D:4)
  A bullfrog skeleton (D:6)
  A gnoll shaman (D:6)
  An iguana (D:5)
  13 orc priests
  3 iron imps (Gauntlet)
  Ijyb (D:4)
  Terence (D:3)
  16 orc wizards
  A hound zombie (D:5)
  A hound skeleton (D:4)
  3 mummies (Ossuary)
  11 gnolls
  2 howler monkey zombies
  6 adders
  A white imp (D:7)
  An adder skeleton (D:4)
  5 adder zombies (Ossuary)
  A dart slug (D:3)
  73 orcs
  6 ball pythons
  19 endoplasms
  A giant cockroach (D:2)
  5 goblins
  10 hobgoblins
  7 jackals
  5 quokkas
  6 bats
  2 frilled lizards
  A goblin zombie (Ossuary)
  5 hobgoblin zombies (Ossuary)
  22 kobolds
  3 kobold zombies (Ossuary)
  2 quokka zombies (Ossuary)
  3 rats
  A rat zombie (Ossuary)
815 creatures vanquished.

Vanquished Creatures (others)
  A bloated husk (Swamp:1)
  A centaur (D:7)
  12 foxfires
  31 fungi
  25 plants
70 creatures vanquished.

Grand Total: 885 creatures vanquished

Notes
Turn   | Place    | Note
-------+----------+-------------------------------------------
     0 | D:1      | Morbidden the Troll Transmuter began the quest for the Orb.
     0 | D:1      | Reached XP level 1. HP: 18/18 MP: 1/1
   168 | D:1      | Reached XP level 2. HP: 20/26 MP: 2/2
   381 | D:1      | Reached skill level 1 in Fighting
   779 | D:2      | Reached XP level 3. HP: 33/33 MP: 4/4
   898 | D:2      | Found Xaochah's Assorted Antiques.
  1162 | D:3      | Reached XP level 4. HP: 36/41 MP: 2/5
  1537 | D:3      | Noticed Terence
  1545 | D:3      | Killed Terence
  1546 | D:3      | Reached skill level 4 in Unarmed Combat
  1642 | D:3      | Reached XP level 5. HP: 48/48 MP: 4/6
  1643 | D:3      | Found a faded altar of an unknown god.
  2017 | D:4      | Noticed Edmund
  2030 | D:4      | Killed Edmund
  2031 | D:4      | Reached XP level 6. HP: 26/57 MP: 1/8
  2178 | D:4      | Noticed Ijyb
  2195 | D:4      | Paralysed by Ijyb for 6 turns
  2202 | D:4      | Killed Ijyb
  2288 | D:4      | Reached skill level 5 in Unarmed Combat
  2430 | D:4      | Found a runed translucent door.
  2431 | D:4      | Noticed Crazy Yiuf
  2440 | D:4      | Killed Crazy Yiuf
  2779 | D:5      | Entered Level 5 of the Dungeon
  2855 | D:5      | Noticed Blork the orc
  2869 | D:5      | Killed Blork the orc
  2870 | D:5      | Reached XP level 7. HP: 32/65 MP: 2/9
  2951 | D:5      | Noticed Dowan
  2960 | D:5      | Noticed Duvessa
  2971 | D:5      | Killed Duvessa
  2974 | D:5      | Killed Dowan
  3005 | D:5      | Reached skill level 6 in Unarmed Combat
  3065 | D:5      | Noticed Grinder
  3095 | D:5      | Gained mutation: You have a pair of small antennae on your
                  | head. [potion of mutation]
  3095 | D:5      | Gained mutation: You expend magic power (3 MP) to
                  | strengthen your wands. [potion of mutation]
  3095 | D:5      | Gained mutation: You are agile. (Dex +2) [potion of
                  | mutation]
  3096 | D:5      | Lost mutation: You expend magic power (3 MP) to strengthen
                  | your wands. [potion of mutation]
  3096 | D:5      | Lost mutation: You have a pair of small antennae on your
                  | head. [potion of mutation]
  3096 | D:5      | Lost mutation: You are agile. (Dex +2) [potion of mutation]
  3096 | D:5      | Gained mutation: You are robust. (+10% HP) [potion of
                  | mutation]
  3096 | D:5      | Gained mutation: Your mind is acute. (Int +2) [potion of
                  | mutation]
  3103 | D:5      | Paralysed by Grinder for 5 turns
  3118 | D:5      | Killed Grinder
  3119 | D:5      | Reached XP level 8. HP: 40/81 MP: 6/11
  3237 | D:5      | You fall into a shaft and drop 1 floor!
  3259 | D:6      | HP: 4/81 [gnoll/+0 flail (9)]
  3488 | D:5      | Noticed Sigmund
  3501 | D:5      | Noticed Eustachio
  3514 | D:5      | Identified the +8 hunting sling of Eternity {venom, Drain
                  | rC- Will++ MP+9}
  3648 | D:5      | Noticed Pikel
  3717 | D:4      | Killed Pikel
  3718 | D:4      | Reached skill level 1 in Throwing
  3718 | D:4      | Reached skill level 7 in Unarmed Combat
  3805 | D:5      | Killed Eustachio
  3845 | D:5      | Reached XP level 9. HP: 84/92 MP: 10/13
  3852 | D:5      | Learned a level 3 spell: Spider Form
  3938 | D:5      | Killed Sigmund
  3967 | D:5      | Found Dopiriam's Armour Shop.
  4247 | D:6      | Reached skill level 8 in Unarmed Combat
  4350 | D:6      | Found a sacrificial altar of Ru.
  4395 | D:6      | Found a radiant altar of Vehumet.
  4577 | D:6      | Reached skill level 1 in Poison Magic
  5195 | D:7      | Found a basalt altar of Yredelemnul.
  5195 | D:7      | Found a burning altar of Makhleb.
  5228 | D:7      | Found a sparkling altar of Nemelex Xobeh.
  5228 | D:7      | Found an opulent altar of Gozag.
  5267 | D:7      | Found a staircase to the Ecumenical Temple.
  5272 | Temple   | Entered the Ecumenical Temple
  5314 | Temple   | Became a worshipper of Cheibriados the Contemplative
  5397 | D:7      | Found a sand-covered staircase.
  5410 | Ossuary  | Entered an ossuary
  5479 | Ossuary  | Learned a level 4 spell: Ice Form
  5608 | Ossuary  | Reached * piety under Cheibriados
  6016 | D:7      | Reached skill level 1 in Invocations
  6042 | D:7      | Reached XP level 10. HP: 72/103 MP: 3/14
  6044 | D:7      | Reached skill level 1 in Ice Magic
  6307 | D:7      | Found a hazy altar of Hepliaklqana.
  6313 | D:7      | Found a hide-covered altar of Uskayaw.
  6313 | D:7      | Found a white marble altar of Elyvilon.
  6327 | D:7      | Found an ornate altar of the Wu Jian Council.
  6554 | D:8      | Learned a level 5 spell: Hydra Form
  6837 | D:8      | Reached ** piety under Cheibriados
  6969 | D:8      | Identified a scroll of acquirement
  6969 | D:8      | Acquired the ring of the Mage {Wiz Will++ Int+3}
  6970 | D:8      | Found the ring of the Mage {Wiz Will++ Int+3}
  7193 | D:8      | Found a bloodstained altar of Trog.
  7399 | D:8      | Reached skill level 9 in Unarmed Combat
  7410 | D:9      | Noticed a sun demon
  7536 | D:9      | Noticed a green ugly thing
  7551 | D:9      | Killed a green ugly thing
  7552 | D:9      | Reached skill level 5 in Dodging
  7623 | D:9      | Noticed a two-headed ogre
  7631 | D:9      | Killed a two-headed ogre
  7632 | D:9      | Reached skill level 5 in Fighting
  7632 | D:9      | Reached skill level 5 in Transmutations
  7898 | D:9      | Found a staircase to the Orcish Mines.
  7992 | D:9      | Identified the +9 halberd of Ash {freeze, Dex+4}
  8002 | D:9      | Reached *** piety under Cheibriados
  8370 | Orc:1    | Entered Level 1 of the Orcish Mines
  8686 | Orc:1    | Reached XP level 11. HP: 59/114 MP: 4/16
  8786 | Orc:1    | Found a runed translucent door.
  8796 | Orc:1    | Noticed Grimdewalt's ghost (journeyman DjEE)
  9214 | D:10     | Entered Level 10 of the Dungeon
  9244 | D:10     | Found a shadowy altar of Dithmenos.
  9550 | D:10     | Reached **** piety under Cheibriados
  9578 | D:10     | Reached skill level 1 in Stealth
  9578 | D:10     | Reached skill level 10 in Unarmed Combat
  9688 | D:10     | Found a staircase to the Lair.
  9883 | D:10     | Acquired 987 gold pieces
  9885 | D:10     | Acquired the +9 triple crossbow of the Coward {elec, rCorr}
 10139 | D:10     | Noticed a two-headed ogre
 10149 | D:10     | Killed a two-headed ogre
 10276 | D:10     | Reached skill level 5 in Spellcasting
 10290 | D:10     | Reached skill level 1 in Crossbows
 10687 | D:11     | Noticed a two-headed ogre
 10694 | D:11     | Killed a two-headed ogre
 10718 | D:11     | Noticed a centaur warrior
 10724 | D:11     | Killed a centaur warrior
 11202 | D:11     | Reached ***** piety under Cheibriados
 11274 | D:11     | Noticed a four-headed hydra
 11281 | D:11     | Killed a five-headed hydra
 11743 | D:12     | Noticed a deep elf pyromancer
 11755 | D:12     | Reached XP level 12. HP: 116/125 MP: 9/18
 11761 | D:12     | Found a flagged portal.
 11766 | Bailey   | Entered a bailey
 11947 | D:12     | Found a gate leading to a gauntlet.
 11952 | Gauntlet | Entered a Gauntlet
 11952 | Gauntlet | Found a transporter.
 11952 | Gauntlet | Found a runed translucent door.
 11952 | Gauntlet | Found a runed translucent door.
 11974 | Gauntlet | Found a transporter.
 11977 | Gauntlet | Found a transporter.
 11988 | Gauntlet | Found a transporter.
 11991 | Gauntlet | Found a transporter.
 11995 | Gauntlet | Found a runed translucent door.
 11996 | Gauntlet | Found a runed translucent door.
 11999 | Gauntlet | Found a transporter.
 12015 | Gauntlet | Found a transporter.
 12025 | Gauntlet | Found a transporter.
 12035 | Gauntlet | Found a transporter.
 12049 | Gauntlet | Found a transporter.
 12064 | Gauntlet | Found a transporter.
 12064 | Gauntlet | Found a transporter.
 12106 | Gauntlet | Found a transporter.
 12120 | Gauntlet | Found a transporter.
 12124 | Gauntlet | Found the necklace of Bloodlust {*Rage +Rage Will++ Int-3
                  | Slay+6}
 12391 | Gauntlet | Identified the +1 hat of Kopaqeoko {rF+}
 12587 | Gauntlet | Identified the ring of Meosheim {Fly rElec Str+2}
 12587 | Gauntlet | Noticed a minotaur
 12600 | Gauntlet | HP: 1/162 [minotaur/+1 great mace of holy wrath (9)]
 12601 | Gauntlet | Killed a minotaur
 12817 | Gauntlet | Identified the +0 kite shield "Efyqaeg" {rCorr}
 12817 | Gauntlet | Identified the +1 hat "Fejosch" {Rampage rElec rPois Will-}
 12833 | D:12     | Reached skill level 11 in Unarmed Combat
 12841 | D:12     | Reached skill level 5 in Invocations
 13330 | D:12     | Noticed a two-headed ogre
 13340 | D:12     | Killed a two-headed ogre
 14074 | D:13     | Noticed Rupert
 14351 | Lair:1   | Entered Level 1 of the Lair of Beasts
 14433 | Lair:1   | Reached XP level 13. HP: 135/135 MP: 15/21
 14645 | Lair:1   | Reached ****** piety under Cheibriados
 15744 | Lair:2   | Found a hole to the Spider Nest.
 15783 | Lair:2   | Found a staircase to the Swamp.
 16378 | Lair:2   | Identified the +1 ring mail of Honn {rF- Regen+ Dex+4}
 16555 | Lair:3   | Noticed Urug
 16566 | Lair:3   | Killed Urug
 18242 | Lair:4   | Reached skill level 12 in Unarmed Combat
 18345 | Lair:4   | Reached XP level 14. HP: 146/146 MP: 22/22
 19116 | Lair:5   | Reached skill level 5 in Crossbows
 19552 | Lair:5   | You fall into a shaft and drop 1 floor!
 19552 | Lair:6   | Entered Level 6 of the Lair of Beasts
 20177 | Lair:6   | Found a staircase to the Slime Pits.
 20485 | Lair:6   | Paralysed by a hornet for 3 turns
 21476 | D:13     | Killed Rupert
 21680 | D:13     | Identified the +2 dagger "Hoezuk" {holy, Dex+7}
 21788 | D:14     | Reached XP level 15. HP: 159/159 MP: 24/24
 21796 | D:14     | Found Edwaet's Jewellery Shoppe.
 21940 | D:14     | Found Zeirou's Jewellery Emporium.
 21989 | D:14     | Reached skill level 13 in Unarmed Combat
 22012 | D:14     | Found Pol Vuax's Magic Scroll Shop.
 22108 | D:14     | Bought a scroll of identify for 32 gold pieces
 22108 | D:14     | Bought a scroll of identify for 32 gold pieces
 22166 | D:14     | Bought a scroll of teleportation for 48 gold pieces
 22166 | D:14     | Bought a scroll of blinking for 120 gold pieces
 22198 | D:14     | Found Hepucot's Distillery.
 22206 | D:14     | Bought a potion of heal wounds for 50 gold pieces
 22206 | D:14     | Bought a potion of heal wounds for 50 gold pieces
 22206 | D:14     | Bought 2 potions of magic for 160 gold pieces
 22293 | D:14     | Found a gate to the Vaults.
 22618 | D:15     | Entered Level 15 of the Dungeon
 22671 | D:15     | Found a flickering gateway to a bazaar.
 22677 | Bazaar   | Entered a bazaar
 22677 | Bazaar   | Found Heryg's Antique Armour Shop.
 22702 | Bazaar   | Found Xenit's Antique Weapon Shop.
 22722 | Bazaar   | Found Moingy's Distillery.
 22730 | Bazaar   | Bought a potion of mutation for 72 gold pieces
 22730 | Bazaar   | Bought a potion of mutation for 72 gold pieces
 22730 | Bazaar   | Bought a potion of magic for 72 gold pieces
 22730 | Bazaar   | Bought a potion of magic for 72 gold pieces
 22730 | Bazaar   | Bought a potion of curing for 27 gold pieces
 22730 | Bazaar   | Bought a potion of curing for 27 gold pieces
 22985 | D:15     | Noticed Kirke
 23003 | D:15     | Killed Kirke
 23103 | D:15     | Found a staircase to the Depths.
 23220 | D:15     | Found a shimmering blue altar of Sif Muna.
 23546 | Orc:2    | Entered Level 2 of the Orcish Mines
 23546 | Orc:2    | Noticed an orc warlord
 23563 | Orc:2    | Killed an orc warlord
 23601 | Orc:2    | Found a staircase to the Elven Halls.
 23643 | Orc:2    | Found Mutid's Armour Boutique.
 23652 | Orc:2    | Found Udesexaf's Jewellery Emporium.
 23708 | Orc:2    | Found Odistroun's Armour Shoppe.
 23781 | Orc:2    | Found Udeu's Magic Scroll Shoppe.
 23794 | Orc:2    | Noticed an orc warlord
 23806 | Orc:2    | Killed an orc warlord
 23937 | Orc:2    | Found Byhepluziu's Jewellery Boutique.
 23947 | Orc:2    | HP: 4/198 [orc warrior/+0 glaive (27)]
 24255 | Orc:2    | Found Zoiclaumn's Jewellery Boutique.
 24256 | Orc:2    | Found Guodgh's Distillery.
 24256 | Orc:2    | Found Iduhan's General Store.
 24463 | Orc:2    | Bought 3 scrolls of acquirement for 2184 gold pieces
 24463 | Orc:2    | Acquired 704 gold pieces
 24465 | Orc:2    | Acquired the +6 arbalest "Damnation" {damnation}
 24466 | Orc:2    | Found the +6 arbalest "Damnation" {damnation}
 24468 | Orc:2    | Acquired 1077 gold pieces
 24568 | Orc:2    | Bought a potion of experience for 650 gold pieces
 24568 | Orc:2    | Bought a potion of magic for 104 gold pieces
 24568 | Orc:2    | Bought 2 potions of heal wounds for 130 gold pieces
 24568 | Orc:2    | Bought a potion of heal wounds for 65 gold pieces
 24580 | Orc:2    | Bought the ring "Woevus" {EV+4 SInv} for 613 gold pieces
 24584 | Orc:2    | Reached skill level 10 in Fighting
 24584 | Orc:2    | Reached XP level 16. HP: 173/173 MP: 25/25
 24868 | Swamp:1  | Entered Level 1 of the Swamp
 24876 | Swamp:1  | Reached XP level 17. HP: 182/182 MP: 26/26
 24895 | Swamp:1  | Noticed Nikola
 24903 | Swamp:1  | Killed Nikola
 24912 | Swamp:1  | Noticed Frances
 24917 | Swamp:1  | Killed Frances
 26873 | Swamp:3  | Learned a level 4 spell: Airstrike
 27649 | Swamp:3  | Reached skill level 14 in Unarmed Combat
 27739 | Swamp:4  | Entered Level 4 of the Swamp
 27816 | Swamp:4  | HP: 11/274 [five-headed hydra (3)]
 27816 | Swamp:4  | Slain by a swamp dragon

Illustrated notes

Levels and vault maps discovered:
D:1:      minmay_arrival_glassed_features, layout_loops_ring,
          nrook_mini_backslash, chequers_serial_rivers_large_b
D:2:      layout_rooms, serial_shops, nicolae_shop_overgrown_old_shop
D:3:      kennysheep_big_flooded_room, layout_rooms,
          hellmonk_ecumenical_altar_blasted, moated_statue, uniq_terence
D:4:      layout_cave_pods, serial_column_ruins, column_ruins_open_large,
          column_ruins_open_small, column_ruins_open_tiny,
          column_ruins_open_medium, uniq_ijyb, uniq_crazy_yiuf_cottage,
          uniq_edmund
D:5:      layout_cave_pools, serial_shops, kennysheep_little_box,
          serial_column_ruins, column_ruins_open_tiny, column_ruins_open_tiny,
          column_ruins_open_small, column_ruins_grid_1, uniq_eustachio,
          uniq_duvessa, uniq_grinder, uniq_pikel, uniq_sigmund,
          uniq_blork_the_orc
D:6:      layout_basic, marbit_many_paths, vehumet_crystals,
          kennysheep_minor_cross, serial_bayou_crossing
D:7:      layout_rooms, grunt_temple_overflow_opulence, minitemple,
          gammafunk_temple_overflow_wave, temple_doors_ab,
          nicolae_ossuary_entry_monument, centaur_isle
D:8:      layout_cave_pools, trog_book, minmay_misc_feat_chi
D:9:      layout_roguey, david_orc_2
D:10:     layout_roguey, lemuel_crystal_altar, erik_lair_dragon,
          blue_anna_alchemist [blue_anna_fruit_fields, blue_anna_fruit_fields]
D:11:     layout_stronghold
D:12:     layout_loops_ring, enter_bailey_6, gauntlet_entry_generic,
          minmay_misc_feat_encased
D:13:     layout_basic, uniq_rupert
D:14:     layout_rooms, lightli_vaults_fourway_checkpoint, serial_shops,
          nicolae_shop_statue_plus, nicolae_shop_waterfront,
          nicolae_shop_temple_entry_statues_fountains, nicolae_shop_statue_plus,
          minmay_lindwurm_lava
D:15:     grunt_enter_depths_magical_seal, layout_rooms, minivault_4,
          serial_shops, bzr_entry_safe, lemuel_blue_sif_altar, uniq_kirke
Temple:   cyrus_temple_forest
Lair:1:   layout_cave_pods, grunt_megastairs_4, infiniplex_staircase_pool
Lair:2:   lemuel_slime, layout_cave_pods, minmay_swamp_entry_eels,
          spider_nest_entry_web_field, minivault_19,
          chequers_serial_rivers_small_3, lemuel_old_faithful
Lair:3:   layout_cave_pods, cheibrodos_lair_caveside_slide, minmay_holes,
          grunt_megastairs_1, uniq_urug
Lair:4:   layout_hall_layers, nzn_random_ring
Lair:5:   layout_regular_city
Lair:6:   minmay_lair_end_enchanted_forest, layout_gridlike,
          dpeg_slime_entry_corner, lemuel_fruit_fields, lemuel_fruit_tree
Swamp:1:  layout_basic_swamp, nicolae_swamp_round_clearing, swamp_pool1,
          nicolae_swamp_drake_lake, uniq_nikola, uniq_frances
Swamp:2:  layout_falls_marsh, nicolae_swamp_big_swirl, swamp_pool2
Swamp:3:  layout_basic_swamp, nicolae_swamp_treefoil, swamp_pool4
Swamp:4:  swamp, layout_basic_swamp, swamp_pool3, nicolae_swamp_small_spring,
          infiniplex_staircase_pool_2
Orc:1:    nicolae_orc_accident_2, layout_caves, ebering_ghost_reflecting_pool
Orc:2:    st_orc_elflike, layout_caves, serial_shops, shop, shop, shop,
          nicolae_shop_statue_plus

Skill      XL: |  1  2  3  4  5  6  7  8  9 10 11 12 13 14 15 16 17 |
---------------+----------------------------------------------------+-----
Fighting       | 1 2 3 4 5 6 7 8 10 | 10.6
Transmutations | 2 3 4 5 6 7 8 9 |  9.2
Unarmed Combat | 4 5 6 7 8 9 10 11 12 13 14 | 14.0
Spellcasting   | 2 3 4 5 6 7 |  7.5
Dodging        | 2 3 4 5 6 7 8 9 |  9.6
Throwing       | 1 2 |  2.2
Poison Magic   | 1 |  1.7
Invocations    | 1 3 4 5 6 7 8 9 |  9.6
Ice Magic      | 1 |  1.0
Stealth        | 1 2 |  2.7
Crossbows      | 1 3 4 5 7 |  7.7
Air Magic      | |  0.8
Evocations     | |  0.2

Action                   |  1- 3 |  4- 6 |  7- 9 | 10-12 | 13-15 | 16-18 || total
-------------------------+-------+-------+-------+-------+-------+-------++-------
Melee: Unarmed           |    80 |   129 |   285 |   485 |   428 |   111 ||  1518
       Punch             |       |     2 |     8 |    11 |     1 |       ||    22
       Headbutt          |       |     2 |     9 |     3 |       |       ||    14
       Kick              |       |     8 |    16 |     4 |       |       ||    28
       Triple crossbow   |       |       |       |       |       |     3 ||     3
 Fire: Triple crossbow   |       |       |       |    19 |   199 |    81 ||   299
       Arbalest          |       |       |       |       |       |     3 ||     3
Throw: Boomerang         |       |     4 |    19 |    11 |       |       ||    34
 Cast: Beastly Appendage |     1 |     4 |    12 |     5 |     2 |       ||    24
       Spider Form       |       |       |     2 |     3 |     2 |       ||     7
       Hydra Form        |       |       |       |    35 |    54 |    23 ||   112
Invok: Slouch            |       |       |       |     1 |     4 |     5 ||    10
Evoke: Wand              |       |       |     2 |     2 |       |       ||     4
       Box of beasts     |       |       |       |       |     1 |       ||     1
  Use: Scroll            |       |     3 |     9 |    14 |     8 |       ||    34
       Potion            |       |       |    10 |     5 |     4 |       ||    19
 Stab: Invisible         |       |       |     2 |       |       |       ||     2
       Distracted        |       |       |       |       |     2 |       ||     2
       Petrified         |       |       |       |       |     6 |       ||     6
       Sleeping          |       |       |       |       |       |     1 ||     1
Armor: Robe              |    38 |    23 |   112 |    17 |       |       ||   190
       Skin              |       |       |    29 |    75 |   122 |     9 ||   235
       Steam dragon scal |       |       |       |    44 |    18 |    15 ||    77
Dodge: Dodged            |    35 |    58 |   158 |   355 |   495 |   166 ||  1267

Table legend: (Time is in decaauts)
 A = Elapsed time spent in this place.
 B = Non-inter-level travel time spent in this place.
 C = Inter-level travel time spent in this place.
 D = Time resting spent in this place.
 E = Time spent auto-exploring this place.
 F = Levels seen in this place.
 G = Mean time per level.
                   A        B        C        D        E       F      G
               +--------+--------+--------+--------+--------+-----+--------+
         Total |  41833 |  37878 |   3955 |   2131 |  29794 |  32 | 1307.3 |
       Dungeon |  19334 |  17084 |   2250 |   1184 |  12951 |  15 | 1288.9 |
        Temple |     96 |     96 |      0 |      0 |      0 |   1 |   96.0 |
          Lair |  12542 |  11531 |   1011 |     92 |  10285 |   6 | 2090.3 |
         Swamp |   4850 |   4671 |    179 |    300 |   3706 |   4 | 1212.5 |
  Orcish Mines |   3181 |   2667 |    514 |    129 |   2115 |   2 | 1590.5 |
        Bazaar |    133 |    133 |      0 |      0 |    104 |   1 |  133.0 |
       Ossuary |    274 |    274 |      0 |      0 |    162 |   1 |  274.0 |
        Bailey |    238 |    238 |      0 |      0 |      0 |   1 |  238.0 |
      Gauntlet |   1181 |   1181 |      0 |    425 |    468 |   1 | 1181.0 |
               +--------+--------+--------+--------+--------+-----+--------+

Top non-repeatable levels by time:
  Lair:4: 2495 daAuts
  Lair:3: 2295 daAuts
    D:10: 2291 daAuts
    D:11: 2278 daAuts
  Lair:2: 2191 daAuts
  Lair:6: 2180 daAuts
 Swamp:3: 1928 daAuts
  Lair:1: 1897 daAuts
   Orc:2: 1799 daAuts
     D:9: 1525 daAuts
    D:14: 1512 daAuts
     D:7: 1495 daAuts
  Lair:5: 1481 daAuts
    D:12: 1474 daAuts
 Swamp:1: 1470 daAuts
